 Dungeon Crawl Stone Soup version 0.19-a0-1007-g133f65f (webtiles) character file.

81410 lorenzova the Unseen (level 15, -20/69 HPs)
             Began as a Spriggan Enchanter on July 21, 2016.
             Was the Champion of Dithmenos.
             Killed from afar by a shock serpent (31 damage)
             ... with a bolt of electricity
             ... on level 1 of the Snake Pit.
             The game lasted 01:45:23 (29029 turns).

lorenzova the Unseen (Spriggan Enchanter)          Turns: 29029, Time: 01:45:25

Health: -20/69     AC:  6    Str: 11    XL:     15   Next: 26%
Magic:  31/34      EV: 34    Int: 18    God:    Dithmenos [******]
Gold:   378        SH: 10    Dex: 28    Spells: 5 memorised, 24 levels left

rFire  . . .     SeeInvis +     e - +4 rapier (elec)
rCold  . . .     Gourm    .     M - +1 robe {rN+}
rNeg   + . .     Faith    .     R - +0 buckler
rPois  +         Spirit   .     u - +2 hat
rElec  .         Dismiss  .     s - +0 cloak
rCorr  .         Reflect  +     (gloves unavailable)
SustAt .         Harm     .     (boots unavailable)
MR     ++...     Rnd*Tele +     c - +3 amulet of reflection
Stlth  ++++++++++               B - ring of the Sun {*Drain Str+3 Dex+8 Stlth+}
                                K - ring of poison resistance

@: very slightly contaminated, wreathed by umbra, very quick, very resistant to
hostile enchantments, uncannily stealthy
A: unfitting armour, see invisible, blink, herbivore 3, speed 3, robust 1, slow
metabolism 2, strong 1, teleportitis 1, wild magic 1
a: Blink, Shadow Step, Shadow Form, Renounce Religion


You were on level 1 of the Snake Pit.
You worshipped Dithmenos.
Dithmenos was exalted by your worship.
You were completely stuffed.

You visited 6 branches of the dungeon, and saw 21 of its levels.
You visited 1 bazaar.
You also visited: Ossuary and Volcano.

You collected 2350 gold pieces.
You spent 1972 gold pieces at shops.

Inventory:

Hand Weapons
 e - a +4 rapier of electrocution (weapon)
 S - a +2 dagger of draining
Armour
 s - a +0 cloak (worn)
 u - a +2 hat (worn)
 M - a +1 robe of positive energy (worn)
 N - a +1 robe of cold resistance
 R - a +0 buckler (worn)
Jewellery
 c - a +3 amulet of reflection (around neck)
 f - an uncursed ring of protection from cold
 B - the ring of the Sun (right hand) {*Drain Str+3 Dex+8 Stlth+}
   (You bought it in a shop in a bazaar)

   [ring of strength]

   It affects your strength (+3).
   It affects your dexterity (+8).
   It causes draining when unequipped.
   It makes you more stealthy.
 K - a ring of poison resistance (left hand)
 Z - a +4 ring of protection
Wands
 l - a wand of confusion (33/48)
 t - a wand of disintegration (7/24)
 G - a wand of paralysis (12/24)
 W - a wand of digging (8/24)
Scrolls
 a - a scroll of magic mapping
 g - 3 scrolls of fog
 i - 7 scrolls of recharging
 j - 2 scrolls of amnesia
 k - a scroll of enchant weapon
 n - 6 scrolls of remove curse
 y - 3 scrolls of teleportation
 C - 5 scrolls of blinking
 F - 2 scrolls of identify
 L - a scroll of enchant armour
 T - a scroll of holy word
Potions
 b - 3 potions of cure mutation
 h - 3 potions of heal wounds
 m - a potion of ambrosia
 o - 5 potions of lignification
 r - 8 potions of curing
 w - 6 potions of brilliance
 x - 2 potions of agility
 A - a potion of invisibility
 D - 3 potions of haste
 I - a potion of magic
 J - 3 potions of might
 O - 4 potions of flight
 U - a potion of resistance
Comestibles
 d - 17 bread rations
 p - a slice of pizza
 q - 13 fruits


   Skills:
 - Level 11.4 Short Blades
 - Level 14.5 Dodging
 + Level 18.4 Stealth
 - Level 14.3 Spellcasting
 - Level 2.7 Conjurations
 * Level 14.9 Hexes
 - Level 0.6 Air Magic
 - Level 1.0 Poison Magic
 - Level 6.0 Invocations
 - Level 7.1 Evocations


You had 24 spell levels left.
You knew the following spells:

 Your Spells              Type           Power        Failure   Level  Hunger
a - Invisibility          Hex            ######..     4%          6    #####..
b - Ensorcelled Hibernat  Hex/Ice        ######       1%          2    None
c - Confuse               Hex            ######..     1%          3    None
d - Mephitic Cloud        Conj/Pois/Air  ###.....     21%         3    None
e - Cause Fear            Hex            ######....   1%          4    None


Dungeon Overview and Level Annotations

Branches:
Dungeon (10/15)            Temple (1/1) D:6            Lair (6/6) D:8
 Shoals (0/4) Lair:3        Snake (1/4) Lair:3        Slime (0/5) Lair:6
    Orc (2/2) D:10            Elf (1/3) Orc:2

Altars:
Ashenzari
Cheibriados
Dithmenos
Elyvilon
Fedhas
Gozag
Hepliaklqana
Kikubaaqudgha
Makhleb
Nemelex Xobeh
Okawaru
Pakellas
Qazlal
Ru
Sif Muna
Trog
Uskayaw
Vehumet
Xom
Yredelemnul
Zin
The Shining One
Beogh

Shops:
D:8 :   D:10 (   Orc:1 !   Orc:2 (?}:


Innate Abilities, Weirdness & Mutations

You are tiny and cannot use many weapons and most armour.
You have supernaturally acute eyesight. (SInv)
You are a herbivore.
You cover ground extremely quickly.
You need consume almost no food.
You can translocate small distances at will.
You are robust. (+10% HP)
Your muscles are strong. (Str +2)
You are occasionally teleported next to monsters.
Your spells are a little harder to cast, but a little more powerful.


Message History

You closely miss the shock serpent. You barely miss the shock serpent.
Your shadow closely misses the shock serpent.
The shock serpent closely misses you.
You hit the shock serpent.
The shock serpent is lightly wounded.
Your shadow hits the shock serpent with a rapier.
The shock serpent shoots out a bolt of lightning at you!
The bolt of electricity misses you. The bolt of electricity hits you!
You emit a cloud of dark smoke.
The bolt of electricity hits the shock serpent.
The shock serpent completely resists.
You puncture the shock serpent!
The shock serpent is moderately wounded.
The shock serpent's electric aura discharges, shocking you!
The shock serpent shoots out a bolt of lightning at you!
The bolt of electricity hits you!
* * * LOW HITPOINT WARNING * * *
You emit a cloud of dark smoke.
The bolt of electricity hits you!
You die...

#.
#....#..... #
#....#.#.#.#
#....#.#.#+##
#....#.......
###'##.......
#.##.......
#.........[
#.§S§......
#.§@§......
#.§§§......
#.####+####
#.# ..# ...
... ...


You could see a shock serpent.

Vanquished Creatures
  Nikola (Snake:1)
  A deep elf annihilator (Elf:1)
  Azrael (Elf:1)
  An ettin (Orc:2)
  A deep elf death mage (Elf:1)
  Harold (Lair:4)
  4 hydras
  5 dancing weapons (Elf:1)
  2 catoblepae
  5 ogre magi (Orc:2)
  8 death yaks (Lair:6)
  Urug (Lair:4)
  A deep troll shaman (Lair:6)
  2 deep elf knights (Elf:1)
  A fire crab (Lair:6)
  Sonja (Lair:2)
  2 deep elf archers (Elf:1)
  A hill giant (D:10)
  Pikel (D:6)
  24 deep elf magi
  An orc knight (Orc:1)
  An oklob plant (Lair:1)
  A lindwurm (Lair:6)
  5 orc sorcerers (Orc:2)
  13 elephants
  A salamander (Snake:1)
  5 black mambas
  2 gargoyles
  2 torpor snails
  7 spiny frogs
  2 komodo dragons
  5 rime drakes
  A troll (Orc:2)
  4 polar bears
  2 two-headed ogres (Orc:2)
  5 blink frogs (Lair:4)
  Grinder (D:6)
  2 boulder beetles (Lair:6)
  An air elemental (Elf:1)
  Sigmund (D:5)
  A wyvern (D:10)
  54 yaks
  Grum (D:10)
  2 basilisks
  11 hippogriffs
  4 hungry ghosts
  A fire elemental (Elf:1)
  Menkaure (D:7)
  4 nagas
  2 wargs
  16 water moccasins
  18 porcupines
  21 orc warriors
  2 eyes of draining (D:10)
  2 necrophages (Lair:3)
  2 ice beasts
  4 black bears
  4 sky beasts
  4 slaves (D:6)
  2 phantoms (D:9)
  26 wolves
  14 ogres
  7 centaurs
  6 crocodiles
  A big kobold (D:9)
  Blork the orc (D:5)
  2 elf zombies (Ossuary)
  8 giant frogs
  A gnoll sergeant (D:6)
  2 scorpions
  A water moccasin skeleton (D:7)
  7 wights
  3 howler monkeys
  4 crimson imps
  2 jellies
  2 giant frog skeletons
  6 hounds
  26 orc wizards
  2 human zombies (Ossuary)
  19 orc priests
  A centaur skeleton (D:6)
  A gnoll shaman (D:6)
  4 iguanas
  11 worker ants
  A big kobold zombie (Ossuary)
  13 sheep
  A hound skeleton (D:7)
  3 mummies
  6 gnolls (D:6)
  49 river rats
  11 adders
  2 shadow imps
  6 oozes
  2 adder skeletons
  3 adder zombies
  2 worms
  A dart slug (D:1)
  7 giant geckos
  89 orcs
  6 bats
  6 giant cockroaches
  9 goblins
  8 hobgoblins
  12 jackals
  5 quokkas
  A ball python (D:5)
  A giant gecko zombie (D:5)
  A giant newt (D:1)
  2 goblin zombies (Ossuary)
  14 hobgoblin zombies
  A jackal zombie (Ossuary)
  8 kobolds
  8 kobold zombies
  6 orc zombies (Ossuary)
  A quokka skeleton (D:5)
  A quokka zombie (D:6)
  2 rats (D:1)
  A rat zombie (Ossuary)
  A plant (Lair:1)
729 creatures vanquished.

Vanquished Creatures (others)
  An air elemental (Elf:1)
  A crocodile (Lair:6)
  2 orc wizards (Orc:2)
  4 bushes
  9 fungi
  14 plants
31 creatures vanquished.

Grand Total: 760 creatures vanquished

Notes
Turn   | Place    | Note
-------+----------+-------------------------------------------
     0 | D:1      | lorenzova the Spriggan Enchanter began the quest for the Orb.
     0 | D:1      | Reached XP level 1. HP: 9/9 MP: 5/5
   121 | D:1      | Reached XP level 2. HP: 7/13 MP: 7/7
   511 | D:1      | Learned a level 2 spell: Ensorcelled Hibernation
  1278 | D:1      | Reached XP level 3. HP: 11/16 MP: 9/9
  1616 | D:2      | Found an opulent altar of Gozag.
  1671 | D:2      | Learned a level 3 spell: Confuse
  1722 | D:2      | Reached skill level 5 in Stealth
  2202 | D:2      | Found a bloodstained altar of Trog.
  2250 | D:2      | Reached XP level 4. HP: 21/21 MP: 11/11
  3082 | D:4      | Reached skill level 5 in Hexes
  3082 | D:4      | Reached XP level 5. HP: 24/24 MP: 13/13
  3202 | D:4      | Found a sand-covered staircase.
  3207 | Ossuary  | Entered an ossuary
  3463 | Ossuary  | Reached skill level 6 in Stealth
  3463 | Ossuary  | Reached skill level 5 in Spellcasting
  3463 | Ossuary  | Reached XP level 6. HP: 28/28 MP: 11/14
  4460 | D:4      | Reached XP level 7. HP: 32/32 MP: 14/17
  5359 | D:5      | Entered Level 5 of the Dungeon
  5425 | D:5      | Reached skill level 7 in Stealth
  5526 | D:5      | Noticed Blork the orc
  5597 | D:5      | Killed Blork the orc
  5923 | D:5      | Found a burning altar of Makhleb.
  6049 | D:5      | Reached XP level 8. HP: 16/36 MP: 20/20
  6324 | D:5      | Noticed Sigmund
  6372 | D:5      | Killed Sigmund
  6372 | D:5      | Reached skill level 8 in Stealth
  6604 | D:6      | Found a staircase to the Ecumenical Temple.
  6633 | Temple   | Entered the Ecumenical Temple
  6733 | Temple   | Became a worshipper of Dithmenos the Shadowed
  6762 | D:6      | Noticed Pikel
  6789 | D:6      | Killed Pikel
  6789 | D:6      | Reached skill level 9 in Stealth
  7191 | D:6      | Reached XP level 9. HP: 26/39 MP: 21/23
  7435 | D:6      | Noticed Grinder
  7442 | D:6      | Killed Grinder
  7605 | D:6      | Found a bloodstained altar of Trog.
  7609 | D:6      | Reached skill level 10 in Stealth
  7934 | D:7      | Reached skill level 5 in Dodging
  7936 | D:7      | Noticed Menkaure
  7952 | D:7      | Killed Menkaure
  7990 | D:7      | Reached skill level 5 in Short Blades
  7995 | D:7      | Reached * piety under Dithmenos
  8450 | D:7      | Reached skill level 11 in Stealth
  8956 | D:7      | Reached XP level 10. HP: 24/44 MP: 24/24
  8961 | D:7      | HP: 1/44 [orc priest/divine providence (13)]
  9174 | D:6      | Reached ** piety under Dithmenos
  9678 | D:7      | Learned a level 3 spell: Mephitic Cloud
 10549 | D:8      | Reached skill level 12 in Stealth
 10573 | D:8      | Found Zyuheku's Book Emporium.
 11222 | D:8      | Found a staircase to the Lair.
 11304 | D:8      | Reached *** piety under Dithmenos
 12000 | D:9      | Noticed a gargoyle
 12039 | D:9      | Killed a gargoyle
 12152 | D:9      | Reached XP level 11. HP: 36/47 MP: 8/25
 12332 | D:9      | Found a sparkling altar of Nemelex Xobeh.
 12491 | D:10     | Entered Level 10 of the Dungeon
 12722 | D:10     | Reached skill level 13 in Stealth
 12729 | D:10     | Found a basalt altar of Yredelemnul.
 12737 | D:10     | Reached skill level 10 in Short Blades
 12755 | D:10     | Noticed a hill giant
 12762 | D:10     | Killed a hill giant
 12762 | D:10     | Reached skill level 10 in Dodging
 12781 | D:10     | Found a staircase to the Orcish Mines.
 12951 | D:10     | Found Pynytzaf's Weapon Shop.
 12952 | D:10     | Noticed Grum
 13002 | D:10     | Killed Grum
 13663 | D:8      | Reached **** piety under Dithmenos
 13696 | Lair:1   | Entered Level 1 of the Lair of Beasts
 13867 | Lair:1   | Reached skill level 14 in Stealth
 14421 | Lair:1   | Noticed an oklob plant
 14462 | Lair:1   | Learned a level 4 spell: Cause Fear
 15065 | Lair:2   | Noticed Sonja
 15070 | Lair:2   | Killed Sonja
 15070 | Lair:2   | Reached skill level 10 in Hexes
 15107 | Lair:2   | Noticed a six-headed hydra
 15114 | Lair:2   | Killed a six-headed hydra
 15207 | Lair:2   | Reached XP level 12. HP: 51/51 MP: 26/26
 15233 | Lair:2   | Reached skill level 10 in Spellcasting
 16289 | Lair:3   | Found a basalt altar of Yredelemnul.
 16712 | Lair:3   | Found a dark tunnel.
 16718 | Volcano  | Entered a volcano
 16856 | Lair:3   | Reached skill level 15 in Stealth
 17124 | Lair:3   | Found a staircase to the Shoals.
 17209 | Lair:3   | Found a staircase to the Snake Pit.
 18120 | Lair:4   | Reached ***** piety under Dithmenos
 18322 | Lair:4   | Noticed Harold
 18363 | Lair:4   | Killed Harold
 18398 | Lair:4   | Noticed Urug
 18402 | Lair:4   | Killed Urug
 18975 | Lair:4   | Found a hazy altar of Hepliaklqana.
 19102 | Lair:4   | Reached XP level 13. HP: 33/55 MP: 20/30
 20568 | Lair:5   | Reached skill level 16 in Stealth
 20842 | Lair:6   | Entered Level 6 of the Lair of Beasts
 21675 | Lair:6   | Reached XP level 14. HP: 54/59 MP: 23/32
 21931 | Lair:6   | Reached ****** piety under Dithmenos
 22446 | Lair:6   | Found a staircase to the Slime Pits.
 23600 | Orc:1    | Entered Level 1 of the Orcish Mines
 24624 | Orc:1    | Found Huegaat's Distillery.
 24824 | Orc:2    | Entered Level 2 of the Orcish Mines
 24863 | Orc:2    | Found a staircase to the Elven Halls.
 25237 | Orc:2    | Reached skill level 1 in Evocations
 25568 | Orc:2    | Found a roughly hewn altar of Beogh.
 26010 | Orc:2    | Reached skill level 1 in Conjurations
 26056 | Orc:2    | Reached skill level 17 in Stealth
 26370 | Orc:2    | Found Yhusahe's Antique Weapon Boutique.
 26403 | Orc:2    | Found a radiant altar of Vehumet.
 26661 | Orc:2    | Found a roughly hewn altar of Beogh.
 26661 | Orc:2    | Found Delevin's Magic Scroll Shop.
 26666 | Orc:2    | Found an ancient bone altar of Kikubaaqudgha.
 26682 | Orc:2    | Found Goirungu's Gadget Boutique.
 26708 | Orc:2    | Found Vacesm's Book Boutique.
 26891 | Orc:2    | Gained mutation: Your spells are a little harder to cast, but a little more powerful. [potion of beneficial mutation]
 26892 | Orc:2    | Gained mutation: You can translocate small distances at will. [potion of beneficial mutation]
 26894 | Orc:2    | Gained mutation: You are robust. (+10% HP) [potion of beneficial mutation]
 26930 | Orc:2    | Bought a book of Party Tricks for 700 gold pieces
 26939 | Orc:2    | Learned a level 6 spell: Invisibility
 26950 | Orc:2    | Bought a scroll of identify for 22 gold pieces
 26950 | Orc:2    | Bought a scroll of identify for 22 gold pieces
 26950 | Orc:2    | Bought a scroll of teleportation for 33 gold pieces
 26950 | Orc:2    | Bought a scroll of identify for 22 gold pieces
 27093 | Orc:1    | Reached skill level 1 in Poison Magic
 27127 | Orc:1    | Bought a potion of beneficial mutation for 560 gold pieces
 27130 | Orc:1    | Gained mutation: Your muscles are strong. (Str +2) [potion of beneficial mutation]
 27180 | Elf:1    | Entered Level 1 of the Elven Halls
 27192 | Elf:1    | Reached skill level 1 in Invocations
 27235 | Elf:1    | Found a flickering gateway to a bazaar.
 27241 | Bazaar   | Entered a bazaar
 27245 | Bazaar   | Found Aroeg's Jewellery Boutique.
 27264 | Bazaar   | Found Fufanek's Antique Weapon Emporium.
 27282 | Bazaar   | Found Releaj's Book Boutique.
 27299 | Bazaar   | Found Kuofanicau's Antique Armour Shoppe.
 27304 | Bazaar   | Bought a glowing hat for 100 gold pieces
 27328 | Bazaar   | Bought the ring of the Sun {*Drain Str+3 Dex+8 Stlth+} for 513 gold pieces
 27426 | Elf:1    | Reached skill level 5 in Evocations
 27764 | Elf:1    | Noticed Azrael
 27766 | Elf:1    | Killed Azrael
 27939 | Elf:1    | Reached skill level 5 in Invocations
 27939 | Elf:1    | Reached XP level 15. HP: 52/69 MP: 30/34
 27979 | Elf:1    | Gained mutation: You are occasionally teleported next to monsters. [mutagenic glow]
 28236 | Elf:1    | Reached skill level 18 in Stealth
 28943 | Snake:1  | Entered Level 1 of the Snake Pit
 28952 | Snake:1  | Found a glowing silver altar of Zin.
 28978 | Snake:1  | Noticed Nikola
 28980 | Snake:1  | Killed Nikola
 29029 | Snake:1  | Killed from afar by a shock serpent

Vault maps used:
D:1:      lemuel_arrival_muddy
D:2:      nicolae_overflow_crystal_walls,
          nicolae_gozag_cash_rules_everything_around_me
D:4:      first_bread, nicolae_ossuary_entry_giza, dk_vineyard_1
D:5:      bloody_makhleb, uniq_blork_the_orc, uniq_sigmund
D:6:      trog_butcher_becter, uniq_grinder, uniq_pikel
D:7:      grunt_ogre_cave, grunt_ministairs_13, uniq_menkaure
D:8:      minmay_lair_entry_grove, serial_shops, kennysheep_mini_moat,
          special_room
D:9:      nemelex_spade_bored_becter
D:10:     david_orc_2, serial_shops, shop, basic_altar,
          hangedman_abyss_or_decor_passed, kennysheep_small_square, uniq_grum
Temple:   dpeg_three_leaves_temple
Lair:1:   minmay_lair_oklob_chamber, wad_woods_road_05, lemuel_fruit_tree
Lair:2:   beast_lair_carwin_1, uniq_sonja
Lair:3:   shoals_dummy_entry, minmay_snake_entry_guardpost_small,
          enter_volcano_4, basic_altar, roderic_carrion_pond
Lair:4:   basic_altar, uniq_urug, uniq_harold
Lair:6:   grunt_lair_end_beastmaster, nicolae_slime_entry_slimehenge,
          patterned_corridor
Snake:1:  basic_altar, serial_shops, nicolae_shop_window_shopping, uniq_nikola,
          uniq_louise
Orc:1:    serial_shops, nicolae_shop_waterfront
Orc:2:    kennysheep_orc_mage_school, basic_altar
Elf:1:    eino_elf_arrival_the_gate, serial_shops, bzr_entry_safe,
          hangedman_elven_crosses_minicolossus, uniq_azrael
Bazaar:   bazaar_jpeg_circle_common
Ossuary:  ossuary_tomb_1
Volcano:  volcano_lake

Skill      XL: |  1  2  3  4  5  6  7  8  9 10 11 12 13 14 15 |
---------------+----------------------------------------------+-----
Spellcasting   | 3 4 5 6 7 9 12 13 14 | 14.3
Hexes          | 4 5 6 7 9 10 12 14 | 14.9
Stealth        | 5 6 7 9 11 12 14 15 16 17 18 | 18.4
Short Blades   | 2 6 9 11 | 11.4
Dodging        | 7 9 11 12 13 14 | 14.5
Evocations     | 6 7 |  7.1
Conjurations   | 2 |  2.7
Poison Magic   | 1 |  1.0
Invocations    | 5 6 |  6.0
Air Magic      | |  0.6

Action                   |  1- 3 |  4- 6 |  7- 9 | 10-12 | 13-15 || total
-------------------------+-------+-------+-------+-------+-------++-------
Melee: Dagger            |   132 |   319 |   361 |   971 |   996 ||  2779
       Rapier            |       |       |       |       |     5 ||     5
 Cast: Ensorcelled Hiber |     4 |     8 |    29 |    79 |    79 ||   199
       Corona            |     1 |       |       |       |       ||     1
       Confuse           |       |    19 |    36 |   120 |    73 ||   248
       Cause Fear        |       |       |       |     5 |     8 ||    13
       Mephitic Cloud    |       |       |       |       |    21 ||    21
       Invisibility      |       |       |       |       |     2 ||     2
Invok: Shadow Step       |       |       |       |     2 |     2 ||     4
 Abil: Blink             |       |       |       |       |     1 ||     1
Evoke: Wand              |       |       |       |       |     4 ||     4
  Use: Scroll            |       |     2 |    14 |    19 |    12 ||    47
       Potion            |       |       |       |     1 |     8 ||     9
 Stab: Sleeping          |    12 |    16 |    31 |   101 |   125 ||   285
       Distracted        |     1 |     1 |     4 |     9 |     7 ||    22
       Confused          |       |    17 |    22 |    67 |    68 ||   174
       Invisible         |       |       |       |       |     4 ||     4
  Eat: Bread ration      |       |     1 |       |       |       ||     1
       Pizza             |       |       |     1 |       |       ||     1
       Fruit             |       |       |       |    20 |    11 ||    31
       Royal jelly       |       |       |       |       |     2 ||     2
Armor: Robe              |    19 |    48 |    31 |    22 |    26 ||   146
Dodge: Dodged            |    83 |   260 |   282 |   590 |   605 ||  1820
Block: Other             |       |       |       |       |    55 ||    55
       Buckler           |       |       |       |       |     2 ||     2
       Reflection        |       |       |       |       |     1 ||     1
